 Dungeon Crawl Stone Soup version 0.26.0-16-gc1dbca0489 (webtiles) character file.

Game seed: 7278078728228618505

858 112233 the Cutter (level 8, -10/55 HPs)
             Began as an Octopode Fighter on Jan 20, 2021.
             Mangled by an orc knight
             ... wielding a +0 war axe
              (25 damage)
             ... in a bailey.
             The game lasted 00:04:29 (5743 turns).

112233 the Cutter (Octopode Fighter)                Turns: 5743, Time: 00:04:30

Health: -10/55     AC:  4    Str: 17    XL:     8   Next: 2%
Magic:  8/8        EV: 13    Int: 10    God:
Gold:   236        SH: 10    Dex: 16    Spells: 7/7 levels left

rFire    + . .     SeeInvis .   w - +1 rapier (speed)
rCold    + . .     Faith    .   b - +0 kite shield
rNeg     . . .     Spirit   .   s - +2 hat
rPois    +         Reflect  .   (no amulet)
rElec    +         Harm     .   (no ring)
rCorr    +         Rampage  .   (no ring)
Will     .....                  (no ring)
Stlth    ++++......             (no ring)
HPRegen  0.18/turn              (no ring)
MPRegen  0.11/turn              (no ring)
                                (no ring)
                                (no ring)

@: brilliant, resistant, marked, very slightly contaminated, invisible
A: almost no armour, stealthy swim, amphibious, 8 rings, constrict 8, rugged
brown scales 1, camouflage 1, agile 1, strong 1, gelatinous body 1
a: no special abilities


You were in a bailey.
You visited 1 branch of the dungeon, and saw 7 of its levels.
You also visited: Bailey.

You collected 236 gold pieces.

Inventory:

Hand Weapons
 a - a +0 rapier
 e - a +2 dagger of freezing
 w - a +1 rapier of speed (weapon)
 x - a +0 dagger of speed
Missiles
 h - 3 throwing nets (quivered) {!f}
Armour
 b - a +0 kite shield (worn)
 s - a +2 hat (worn)
Jewellery
 A - a cursed amulet of inaccuracy {unknown}
Wands
 l - a wand of flame (22)
Scrolls
 c - 2 scrolls of immolation {unknown}
 f - 7 scrolls of remove curse {@r2}
 g - 4 scrolls of random uselessness {unknown}
 j - 2 scrolls of blinking {unknown}
 k - 3 scrolls of teleportation {unknown}
 n - 2 scrolls of amnesia {unknown}
 t - a scroll of fear {unknown}
 u - 2 scrolls of identify {unknown}
 y - a scroll of fog {unknown}
Potions
 m - a potion of heal wounds {unknown}
 p - a potion of cancellation {unknown}
 r - a potion of magic {unknown}
 z - a potion of berserk rage {unknown}
 B - 3 potions of curing {@q1}


   Skills:
 + Level 4.8 Fighting
 * Level 5.8 Short Blades
 + Level 3.2 Dodging
 + Level 5.3 Stealth
 + Level 4.8 Shields


You had 7 spell levels left.
You didn't know any spells.
Your spell library was empty.

Dungeon Overview and Level Annotations

Branches:
Dungeon (7/15)             Temple (0/1) D:7          Bailey (1/1)

Altars:
Cheibriados
Makhleb
Nemelex Xobeh
Sif Muna
Uskayaw
Wu Jian
Zin

Annotations:
D:5 Eustachio, Ijyb
D:7 Maggie


Innate Abilities, Weirdness & Mutations

You cannot wear most types of armour.
You are very stealthy in the water. (Stealth+)
You are amphibious.
You can wear up to eight rings at the same time.
You can use your tentacles to constrict eight enemies at once.
Your skin changes colour to match your surroundings (Stealth+).
Your rubbery body absorbs attacks. (AC +1, EV +1)
You are partially covered in rugged brown scales. (AC +1, +3% HP)
You are agile. (Dex +2)
Your muscles are strong. (Str +2)


Message History

Unknown command.
Unknown command.
The goblin pulls the alarm!
The alarm trap emits a blaring wail!
The mark upon you grows brighter.
The orc knight roars a battlecry!
There is an empty arch of ancient stone, spattered with blood here.
Okay, then.
As you read the scroll labelled TOM NO MUCW, it crumbles to dust.
You hear a loud clanging noise!
It was a scroll of noise.
The orc knight hits you with a +0 war axe!
* * * LOW HITPOINT WARNING * * *
The goblin closely misses you.
An orc warrior comes into view. It is wielding a +0 war axe.
Unknown command.
As you read the scroll labelled EBITI XIOZ, it crumbles to dust.
You feel blessed for a moment.
It was a scroll of remove curse.
The orc knight hits you with a +0 war axe!!
You die...

###
##8##
##.@.##
#8^og8#
##.o.##
##o##
≈g≈ ≈.≈
.≈g≈K
#≈o≈#
K≈.≈K


You could see 2 orc knights, an orc warrior (strong), an orc (strong), a
hobgoblin and 2 goblins.

Vanquished Creatures
  An orc warrior (Bailey)
  A phantom (D:4)
  4 wights
  3 orc priests (D:4)
  A jelly (D:5)
  5 orc wizards
  An iguana (D:6)
  2 worker ants (D:6)
  6 adders
  A shadow imp (D:6)
  An ooze (D:1)
  7 worms
  2 leopard geckos
  15 orcs
  4 giant cockroaches
  7 goblins
  6 hobgoblins
  8 jackals
  8 bats
  A frilled lizard (D:2)
  12 kobolds
  A leopard gecko zombie (D:6)
  A quokka zombie (D:6)
  7 rats
105 creatures vanquished.

Vanquished Creatures (others)
  An orc wizard (D:4)
  A goblin (D:7)
  A plant (D:3)
3 creatures vanquished.

Grand Total: 108 creatures vanquished

Notes
Turn   | Place    | Note
-------+----------+-------------------------------------------
     0 | D:1      | 112233 the Octopode Fighter began the quest for the Orb.
     0 | D:1      | Reached XP level 1. HP: 16/16 MP: 1/1
   289 | D:1      | Reached XP level 2. HP: 17/21 MP: 2/2
   585 | D:2      | Reached skill level 1 in Stealth
   686 | D:2      | Found a sparkling altar of Nemelex Xobeh.
   692 | D:2      | Found an ornate altar of the Wu Jian Council.
   695 | D:2      | Found a shimmering blue altar of Sif Muna.
  1061 | D:2      | Reached XP level 3. HP: 23/26 MP: 3/3
  1280 | D:2      | Reached XP level 4. HP: 24/31 MP: 4/4
  2482 | D:3      | Reached XP level 5. HP: 33/36 MP: 5/5
  2833 | D:5      | Entered Level 5 of the Dungeon
  2870 | D:4      | Noticed a phantom
  2953 | D:4      | Found a glowing silver altar of Zin.
  2981 | D:4      | Found a snail-covered altar of Cheibriados.
  2981 | D:4      | Found a burning altar of Makhleb.
  3055 | D:4      | Reached XP level 6. HP: 27/43 MP: 6/6
  4094 | D:4      | Killed a phantom
  4095 | D:4      | Reached XP level 7. HP: 28/48 MP: 7/7
  4585 | D:5      | Reached skill level 5 in Short Blades
  5002 | D:5      | Noticed Ijyb
  5244 | D:5      | Reached skill level 5 in Stealth
  5246 | D:5      | Noticed Eustachio
  5521 | D:6      | Found a hide-covered altar of Uskayaw.
  5650 | D:7      | Found a flagged portal.
  5651 | D:7      | Found a staircase to the Ecumenical Temple.
  5651 | D:7      | Noticed Maggie
  5658 | Bailey   | Entered a bailey
  5729 | Bailey   | Noticed an orc knight
  5732 | Bailey   | Noticed an orc knight
  5733 | Bailey   | Gained mutation: You are partially covered in rugged brown
                  | scales. (AC +1, +3% HP) [potion of mutation]
  5733 | Bailey   | Gained mutation: Your muscles are strong. (Str +2) [potion
                  | of mutation]
  5733 | Bailey   | Gained mutation: You are agile. (Dex +2) [potion of
                  | mutation]
  5741 | Bailey   | Reached XP level 8. HP: 22/55 MP: 8/8
  5743 | Bailey   | Mangled by an orc knight

Illustrated notes

Levels and vault maps discovered:
D:1:      dpeg_arrival_round_c, layout_rooms, lemuel_old_faithful
D:2:      layout_basic, grunt_temple_overflow_diamond,
          amcnicky_mini_corridor_feature
D:3:      layout_basic, serial_forest, infiniplex_forest_lined_3,
          infiniplex_forest_clump_curved, infiniplex_forest_clump_diagonal,
          infiniplex_forest_zigzag_2, infiniplex_forest_lined_2,
          infiniplex_forest_end_double, infiniplex_forest_end_3
D:4:      layout_loops_ring, minitemple, chequers_serial_rivers_small_3,
          kennysheep_doodads
D:5:      layout_basic, minmay_ruined_shrine, uniq_ijyb, uniq_grinder,
          uniq_blork_the_orc, uniq_pikel, uniq_eustachio
D:6:      layout_gridville, eat_drink_and_be_merry_uskayaw
D:7:      minmay_the_grid_square_5x5_3x3
          [minmay_the_grid_square_5x5_beaten_path,
          minmay_the_grid_square_5x5_inner_i,
          minmay_the_grid_square_5x5_trominoes,
          minmay_the_grid_square_5x5_longway,
          minmay_the_grid_square_5x5_megaprize_diamond,
          minmay_the_grid_square_5x5_tetrominoes,
          minmay_the_grid_square_5x5_checkered_statues,
          minmay_the_grid_square_5x5_inner_v, minmay_the_grid_square_5x5_eight],
          layout_loops_cross, grunt_temple_overflow_growth_and_decay,
          minmay_temple_entry_statues_fountains, enter_bailey_5, st_stairs_4,
          grunt_ministairs_10, uniq_maggie, uniq_duvessa
Bailey:   bailey_axe_1, bailey

Skill      XL: |  1  2  3  4  5  6  7 |
---------------+----------------------+-----
Stealth        | 1 2 3 4 5 |  5.3
Short Blades   | 3 4 5 |  5.8
Shields        | 4 |  4.8
Fighting       | 4 |  4.8
Dodging        | |  3.2

Action                   |  1- 3 |  4- 6 |  7- 9 || total
-------------------------+-------+-------+-------++-------
Melee: Rapier            |    55 |   151 |    68 ||   274
       Constrict         |    12 |    34 |    14 ||    60
       Tentacles         |     5 |    22 |    19 ||    46
Evoke: Wand              |       |       |     1 ||     1
  Use: Potion            |       |     4 |     4 ||     8
       Scroll            |       |       |     2 ||     2
 Stab: Sleeping          |     3 |     9 |     5 ||    17
Armor: Skin              |     4 |     6 |     2 ||    12
Dodge: Dodged            |    18 |    48 |    29 ||    95
Block: Kite shield       |    19 |    41 |    27 ||    87
